 Dungeon Sprint DCSS version 0.31-a0-437-g7cee417757 (console) character file.

Game seed: 4323450947353163763

8904 Lexodia the Imperceptible (level 11, -8/54 HPs)
             Began as a Felid Enchanter on Aug 2, 2023.
             Was the Champion of Wu Jian.
             Killed from afar by an oklob plant (35 damage)
             ... with a splash of acid
             ... in the Dungeon (Sprint I: "Red Sonja").
             The game lasted 00:16:27 (1441 turns).

Lexodia the Imperceptible (Felid Enchanter)         Turns: 1441, Time: 00:16:29

Health: -8/54      AC: -2    Str:  3    XL:     11   Next: 16%
Magic:  9/18       EV: 31    Int: 16    God:    Wu Jian [******]
Gold:   1248       SH:  0    Dex: 25    Spells: 10/18 levels left
                                        Lives:  0   Deaths: 3

rFire   x .          .
                       - Unarmed
rCold   + . .        (shield unavailable)
rNeg    . . .        (body armour unavailable)
rPois   +            (helmet unavailable)
rElec   +            (cloak unavailable)
rCorr   .            (gloves unavailable)
SInv    +            (boots unavailable)
Will    +....        h - amulet of regeneration
Stlth   ++++++++     a - ring "Byodwop" {Ice rElec rPois}
HPRegen 1.09/turn    c - +4 ring of slaying
MPRegen 0.16/turn

%: no teleportation
@: confusing by touch, beast-form, corroded, unable to read, quick
A: beast (slay +7), very small, claws 1, fangs 3, see invisible, speed 1, shaggy
fur 2, stealthy paws, no weapons or thrown items, no armour, multi-lived, agile
1, screaming 2, inability to read after injury 1, MP-powered wands
a: Begin Untransformation, Renounce Religion, Wall Jump, Serpent's Lash,
Heavenly Storm


You were in the Dungeon.
You worshipped Wu Jian.
Wu Jian was exalted by your worship.
You were a hulking beast.
You visited 1 branch You collected 2714 gold pieces.
You spent 1466 gold pieces at shops.

Inventory:

Jewellery
 a - the ring "Byodwop" (left paw) {Ice rElec rPois}
   (You bought it in a shop in the Dungeon)

   [ring of ice]

   It enhances your ice magic.
   rF:        It makes you vulnerable to fire.
   rC:        It protects you from cold.
   rElec:     It insulates you from electricity.
   rPois:     It protects you from poison.
 c - a +4 ring of slaying (right paw)
 h - an amulet of regeneration (around neck)
Talismans
 j - a beast talisman (active)
Wands
 f - a wand of polymorph (10)
 m - a wand of paralysis (2)
Scrolls
 g - a scroll of blinking
 k - 3 scrolls of identify
 l - 2 scrolls of fog
 n - 2 scrolls of enchant armour
 o - 2 scrolls of fear
 p - a scroll of butterflies
 q - 2 scrolls of vulnerability
 t - a scroll of enchant weapon
Potions
 b - 2 potions of curing
 d - a potion of haste
 e - 2 potions of magic
 i - a potion of ambrosia
 s - a potion of resistance
 u - a potion of lignification
Miscellaneous
 r - a phantom mirror


   Skills:
 - Level 10.0 Fighting
 + Level 12.5 Dodging
 + Level 21.2 Stealth
 + Level 15.1 Unarmed Combat
 - Level 4.0 Spellcasting
 + Level 17.5 Hexes
 - Level 10.0 Ice Magic
 - Level 10.0 Shapeshifting


You had 10 spell levels left.
You knew the following spells:

 Your Spells              Type           Power      Damage    Failure   Level
a - Ensorcelled Hibernat  Hex/Ice        100%       N/A       1%          2
b - Confusing Touch       Hex            56%        N/A       1%          3
c - Tukima's Dance        Hex            56%        N/A       1%          3

Your spell library contained the following spells:

 Spells                   Type           Power      Damage    Failure   Level
 Dazzling Flash           Conj/Hex       62%        N/A       1%          3
 Summon Lightning Spire   Summ/Air       3%         N/A       86%         4
 Lee's Rapid Deconstruct  Erth           1%         3d4*      99%         5
 Animate Armour           Summ/Erth      Unusable   N/A       N/A         4

Dungeon Overview and Level Annotations

Branches:
Dungeon (1/1)

Altars:
Cheibriados
Dithmenos
Elyvilon
Fedhas
Gozag
Hepliaklqana
Kikubaaqudgha
Makhleb
Nemelex Xobeh
Okawaru
Qazlal
Ru
Sif Muna
Trog
Uskayaw
Vehumet
Wu Jian
Xom
Yredelemnul
Zin
The Shining One
Jiyva
Lugonu

Shops:
D ((=*[?*?[::**[([*(![(

Annotations:
D exclusion: oklob plant, Lom Lobon


Innate Abilities, Weirdness & Mutations

You are a hulking beast.
Your limbs bulge with bestial killing power. (Slay +7)
You have sharp claws.
You have razor-sharp teeth.
You have supernaturally acute eyesight. (SInv)
You cover ground quickly. (Speed+)
You are covered in thick fur. (AC +2)
Your paws help you pounce on unaware monsters.
You are incapable of wielding weapons or throwing items.
You cannot wear armour.
You gain extra lives every three experience levels.
You are agile. (Dex +4, Str/Int -1)
You frequently scream uncontrollably at your foes.
You occasionally lose the ability to read scrolls when taking damage.
You expend magic power (3 MP) to strengthen your wands.


Message History

The splash of acid hits you!! The acid corrodes you!
There is an open door here.
Huge Dmg: -42%(-23hp) hp: 58%(31hp)
Press: ? - help, v - describe, . - travel
Here: an oklob plant (chance to confuse on hit: 57%)
The floor.
Press: ? - help, v - describe, . - travel Some deep water.
Unknown command.
Found a glowing plate armour.
There is an open door here.
Press: ? - help, v - describe, . - travel A net trap.
Unknown command.
Really walk into that net trap?
You avoid being caught in a net.
Lom Lobon, Demon Lord of Forbidden Knowledge comes into view.
You caterwaul at Lom Lobon!
Lom Lobon screams, "Get thee gone, thou foisting weevil-witted mule!"
There is a net trap here.
Press: ? - help, v - describe, . - travel
Here: Lom Lobon (foul pestilence, chance to confuse on hit: 0%)
The floor.
There is an open door here.
Really walk into a travel-excluded area?
You caterwaul at the mummy priest!
A mummy priest comes into view.
The deep elf annihilator shouts!
The deep elf annihilator casts a spell.
The deep elf annihilator blinks!
The oklob plant spits acid at you. The splash of acid hits you!
Huge Dmg: -22%(-12hp) hp: 47%(25hp)
The deep elf annihilator gestures at you while chanting.
The poison arrow misses you. The oklob plant spits acid at you.
The splash of acid hits you!!
You feel threatened and lose the ability to read scrolls!
Ouch! That really hurt!
You die...

#.#,*##§..#######§#$$§§§#####.$$$
'.#+*,###+#,,,*#..#§§$§§#,,,#.$$$
###,,,*,*,**,,,#..##$$§§#,∩,#.$$$
,,*,,,***,,***,#..≈###+##,,,#..$$
,,+,,,,,**,*,*,#..≈.[#,****+#°$.$
,,*,,,,,*,,***,#..≈e#*+*,,,,##$$.
,,***++**,**,,,#..≈#*,,,,,,,,##.$
,***,,***,,*+###..≈#,,,,,,,,,,#$$
,****,,***,,,#P≈h.#*,,,,,,,,,,##.
+*,,*,,*,***,#M≈..#,,,,,,,,,,,,#.
,*,,,,,,,,,*,###..#,,,,,,,,,,,,#.
**,,,,,,,,,*,#.'.)#*,,,,,,,,,,##$
,+,,,,,,****+#.##'##,,,,,,,,,,#$$
***,,,***,,,,#^#~~~##,,,,,,,,##$$
,,*****,,,***#^#~~~~##,,,,,,##.$$
,,,,,,,,***,,..#~~~~~########..$$
,,,,*****,^,°####~~~~#~~~~~#.°..$


You could see a deep elf annihilator, a mummy priest and an oklob plant.

Vanquished Creatures
  the Lernaean hydra (D)
  A hydra (D)
  2 centaur warriors (D)
  3 demonic crawlers (D)
  Sonja (D)
  A deep troll (D)
  A lindwurm (D)
  An oklob plant (D)
  8 shining eyes (D)
  2 merfolk sirens (D)
  A gargoyle (D)
  2 unseen horrors (D)
  2 kobold demonologists (D)
  A hellwing (D)
  4 hornets (D)
  A slime creature (D)
  Sigmund (D)
  A yak (D)
  13 hogs (D)
  2 redbacks (D)
  7 floating eyes (D)
  An ogre (D)
  7 necrophages (D)
  8 jellies (D)
  Ijyb (D)
  2 ballistomycete spores (D)
75 creatures vanquished.

Vanquished Creatures (others)
  A hornet (D)
  A dancing weapon (D)
2 creatures vanquished.

Grand Total: 77 creatures vanquished

Notes
Turn   | Place    | Note
-------+----------+-------------------------------------------
     0 | D        | Lexodia the Felid Enchanter began the quest for the Orb.
     0 | D        | Reached XP level 1. HP: 7/7 MP: 4/4
     2 | D        | Noticed Ijyb
     7 | D        | Huge Dmg: 2 dmg
     8 | D        | Noticed an ogre
    14 | D        | Killed an ogre
    15 | D        | Reached skill level 9 in Stealth
    15 | D        | Reached skill level 5 in Unarmed Combat
    15 | D        | Reached XP level 2. HP: 11/11 MP: 6/6
    15 | D        | Reached XP level 3. HP: 14/14 MP: 7/7
    15 | D        | Reached XP level 4. HP: 18/18 MP: 8/8
    16 | D        | Noticed Sigmund
    19 | D        | Huge Dmg: 8 dmg
    19 | D        | Killed Sigmund
    20 | D        | Reached skill level 12 in Stealth
    20 | D        | Reached XP level 5. HP: 20/21 MP: 9/9
    22 | D        | Killed Ijyb
    23 | D        | Reached skill level 13 in Stealth
    23 | D        | Gained mutation: You are covered in thick fur. (AC +2)
                  | [Felid growth]
    23 | D        | Reached XP level 6. HP: 19/24 MP: 10/10
    43 | D        | Found a shimmering blue altar of Sif Muna.
    44 | D        | Found an ornate altar of the Wu Jian Council.
    50 | D        | Learned a level 2 spell: Ensorcelled Hibernation
    54 | D        | Learned a level 3 spell: Confusing Touch
    58 | D        | Learned a level 3 spell: Tukima's Dance
    60 | D        | Found a radiant altar of Vehumet.
    63 | D        | Became a worshipper of the Wu Jian Council
    66 | D        | Reached skill level 1 in Ice Magic
    69 | D        | Found Piovut's General Store.
    69 | D        | Found an ancient bone altar of Kikubaaqudgha.
    69 | D        | Found a hazy altar of Hepliaklqana.
    69 | D        | Found a stormy altar of Qazlal.
    69 | D        | Found a hide-covered altar of Uskayaw.
    69 | D        | Found a blossoming altar of Fedhas.
    69 | D        | Found a bloodstained altar of Trog.
    69 | D        | Found an iron altar of Okawaru.
    69 | D        | Found a basalt altar of Yredelemnul.
    69 | D        | Found a glowing golden altar of the Shining One.
    69 | D        | Found a snail-covered altar of Cheibriados.
    69 | D        | Found a sacrificial altar of Ru.
    69 | D        | Found a glowing silver altar of Zin.
    69 | D        | Found a shadowy altar of Dithmenos.
    69 | D        | Found a white marble altar of Elyvilon.
    69 | D        | Noticed a yak
    70 | D        | Found an opulent altar of Gozag.
    70 | D        | Killed a yak
    71 | D        | Found a sparkling altar of Nemelex Xobeh.
   107 | D        | Bought a scroll of identify for 20 gold pieces
   108 | D        | Noticed Sonja
   108 | D        | Noticed a floating eye
   108 | D        | Noticed a shining eye
   108 | D        | Noticed a shining eye
   108 | D        | Found Avanenwa's Weapon Boutique.
   127 | D        | Killed Sonja
   127 | D        | Reached * piety under Wu Jian
   128 | D        | Reached skill level 15 in Stealth
   128 | D        | Reached skill level 10 in Unarmed Combat
   128 | D        | Reached XP level 7. HP: 27/27 MP: 12/14
   142 | D        | Huge Dmg: 8 dmg
   148 | D        | Huge Dmg: 6 dmg
   216 | D        | Noticed a deep troll
   219 | D        | Killed a deep troll
   220 | D        | Reached skill level 16 in Stealth
   220 | D        | Reached skill level 10 in Hexes
   220 | D        | Reached XP level 8. HP: 31/31 MP: 15/15
   226 | D        | Found Itigo's Armour Emporium.
   248 | D        | Noticed a centaur warrior
   248 | D        | Noticed a centaur warrior
   252 | D        | Huge Dmg: 11 dmg
   253 | D        | Huge Dmg: 11 dmg
   253 | D        | Killed a centaur warrior
   253 | D        | Slain by a centaur warrior
   254 | D        | Reached XP level 7. HP: -4/27 MP: 13/14
   254 | D        | Reached XP level 8. HP: 34/34 MP: 15/15
   261 | D        | Huge Dmg: 10 dmg
   263 | D        | Killed a centaur warrior
   263 | D        | Reached ** piety under Wu Jian
   264 | D        | Reached skill level 5 in Dodging
   264 | D        | Reached skill level 17 in Stealth
   341 | D        | Noticed a hornet
   343 | D        | Killed a hornet
   344 | D        | Reached skill level 5 in Shapeshifting
   344 | D        | Reached XP level 9. HP: 39/39 MP: 16/16
   354 | D        | Noticed an oklob plant
   356 | D        | Killed an oklob plant
   361 | D        | Identified the +2 robe of Wu Jian's Supremacy {Will+ Str-4
                  | Int+3 Archmagi}
   373 | D        | Found a burning altar of Makhleb.
   373 | D        | Found a viscous altar of Jiyva.
   373 | D        | Found a shimmering altar of Xom.
   373 | D        | Found a corrupted altar of Lugonu.
   378 | D        | Huge Dmg: 8 dmg
   423 | D        | Noticed a kobold demonologist
   424 | D        | Noticed a kobold demonologist
   426 | D        | Reached *** piety under Wu Jian
   427 | D        | Killed a kobold demonologist
   432 | D        | Noticed a smoke demon
   435 | D        | Noticed a hellwing
   436 | D        | Noticed a smoke demon
   437 | D        | Huge Dmg: 16 dmg
   437 | D        | Killed a kobold demonologist
   503 | D        | Noticed a demonic crawler
   503 | D        | Noticed a demonic crawler
   503 | D        | Noticed a demonic crawler
   503 | D        | Noticed a demonic crawler
   504 | D        | Mangled by a demonic crawler
   505 | D        | Reached XP level 8. HP: -8/36 MP: 13/15
   512 | D        | Reached skill level 5 in Fighting
   515 | D        | Reached **** piety under Wu Jian
   542 | D        | Noticed an unseen horror
   542 | D        | Noticed an unseen horror
   547 | D        | Killed an unseen horror
   548 | D        | Reached XP level 9. HP: 40/40 MP: 16/16
   548 | D        | Killed an unseen horror
   565 | D        | Reached ***** piety under Wu Jian
   567 | D        | Reached skill level 18 in Stealth
   572 | D        | Reached ****** piety under Wu Jian
   581 | D        | Identified the +8 spear of Dominance {elec, rC+ Int+2}
   592 | D        | Found Zimn's Magic Scroll Shoppe.
   592 | D        | Found Teluudum's General Store.
   592 | D        | Found Pavaqick's Armour Boutique.
   594 | D        | Found Paw Eg Qiy's Book Emporium.
   594 | D        | Found Geixkaz's Book Shop.
   594 | D        | Found Luzoo's Assorted Antiques.
   594 | D        | Found Codghetix's Assorted Antiques.
   594 | D        | Found Cobbar's Antique Armour Emporium.
   594 | D        | Found Venoimmi's Weapon Shop.
   594 | D        | Found Ciadaiss's Armour Shoppe.
   595 | D        | Bought a scroll of fog for 56 gold pieces
   595 | D        | Bought a scroll of fear for 56 gold pieces
   595 | D        | Bought a scroll of identify for 28 gold pieces
   595 | D        | Bought a scroll of butterflies for 56 gold pieces
   595 | D        | Bought a scroll of vulnerability for 56 gold pieces
   596 | D        | Found Poycson's Assorted Antiques.
   597 | D        | Found Muqaudd's Distillery.
   597 | D        | Found Sipixos's Antique Weapon Boutique.
   598 | D        | Found Ciamin's Antique Weapon Emporium.
   605 | D        | Bought a potion of mutation for 104 gold pieces
   605 | D        | Bought a potion of resistance for 130 gold pieces
   618 | D        | Bought 3 scrolls of identify for 72 gold pieces
   619 | D        | Bought a scroll of identify for 28 gold pieces
   619 | D        | Bought a scroll of identify for 28 gold pieces
   623 | D        | Bought a scroll labelled NEAJAD PIOGAGE for 21 gold pieces
   623 | D        | Bought a scroll labelled TEL ESAAFUU for 21 gold pieces
   623 | D        | Bought a metallic clear potion for 18 gold pieces
   623 | D        | Bought a scroll of fear for 84 gold pieces
   623 | D        | Bought a scroll of vulnerability for 84 gold pieces
   670 | D        | Noticed a shining eye
   670 | D        | Noticed a shining eye
   671 | D        | Noticed a shining eye
   671 | D        | Noticed a shining eye
   672 | D        | Noticed a shining eye
   672 | D        | Noticed a shining eye
   672 | D        | Killed a shining eye
   676 | D        | Killed a shining eye
   676 | D        | Reached XP level 10. HP: 46/46 MP: 17/17
   678 | D        | Killed a shining eye
   678 | D        | Gained mutation: You have hidden genetic defects. [a
                  | shining eye]
   679 | D        | Gained mutation: You have a pair of small horns on your
                  | head. [a shining eye]
   681 | D        | Gained mutation: Your body sometimes deteriorates upon
                  | taking damage. [a shining eye]
   682 | D        | Killed a shining eye
   683 | D        | Gained mutation: You sometimes lose your temper in combat.
                  | [a shining eye]
   686 | D        | Killed a shining eye
   688 | D        | Killed a shining eye
   689 | D        | Killed a shining eye
   690 | D        | Killed a shining eye
   691 | D        | Reached skill level 10 in Dodging
   691 | D        | Reached skill level 19 in Stealth
   696 | D        | Huge Dmg: 23 dmg
   698 | D        | Gained mutation: You occasionally lose the ability to read
                  | scrolls when taking damage. [hidden defects]
   736 | D        | Found Cuecliugg's Antique Armour Shop.
   736 | D        | Found Eparenai's Weapon Shoppe.
   736 | D        | Found Souf's Magic Scroll Boutique.
   736 | D        | Found Lenuto's Jewellery Emporium.
   750 | D        | Bought the ring "Byodwop" {Ice rElec rPois} for 604 gold
                  | pieces
   777 | D        | Lost mutation: You sometimes lose your temper in combat.
                  | [potion of mutation]
   777 | D        | Lost mutation: Your body sometimes deteriorates upon taking
                  | damage. [potion of mutation]
   777 | D        | Lost mutation: You have a pair of small horns on your head.
                  | [potion of mutation]
   777 | D        | Gained mutation: You occasionally shout uncontrollably at
                  | your foes. [potion of mutation]
   777 | D        | Gained mutation: You expend magic power (3 MP) to
                  | strengthen your wands. [potion of mutation]
   777 | D        | Gained mutation: You are agile. (Dex +4, Str/Int -1)
                  | [potion of mutation]
   790 | D        | Huge Dmg: 13 dmg
   790 | D        | Killed a demonic crawler
   806 | D        | Killed a demonic crawler
   807 | D        | Reached skill level 10 in Shapeshifting
   807 | D        | Reached XP level 11. HP: 26/51 MP: 10/18
   807 | D        | Huge Dmg: 12 dmg
   809 | D        | Killed a demonic crawler
   810 | D        | Reached skill level 15 in Hexes
   822 | D        | Gained mutation: You frequently scream uncontrollably at
                  | your foes. [hidden defects]
   822 | D        | Lost mutation: You have hidden genetic defects. [hidden
                  | defects expressed]
   920 | D        | Noticed a lindwurm
   921 | D        | Killed a lindwurm
   961 | D        | Reached skill level 10 in Ice Magic
   974 | D        | Reached skill level 20 in Stealth
  1012 | D        | Noticed a 12-headed hydra
  1013 | D        | Killed a 12-headed hydra
  1027 | D        | Noticed a deep elf annihilator
  1040 | D        | Huge Dmg: 21 dmg
  1044 | D        | Huge Dmg: 10 dmg
  1047 | D        | Huge Dmg: 20 dmg
  1062 | D        | Huge Dmg: 17 dmg
  1063 | D        | Huge Dmg: 3 dmg
  1238 | D        | Huge Dmg: 12 dmg
  1239 | D        | Huge Dmg: 15 dmg
  1240 | D        | Huge Dmg: 3 dmg
  1240 | D        | HP: 1/54 [something (9)]
  1241 | D        | Huge Dmg: 9 dmg
  1241 | D        | Engulfed by a cloud of steam
  1242 | D        | Reached XP level 10. HP: -1/50 MP: 17/17
  1325 | D        | Huge Dmg: 11 dmg
  1333 | D        | Huge Dmg: 8 dmg
  1334 | D        | Huge Dmg: 6 dmg
  1337 | D        | Noticed the 27-headed Lernaean hydra
  1339 | D        | Noticed a deep elf master archer
  1339 | D        | Noticed a gargoyle
  1339 | D        | Killed the 27-headed Lernaean hydra
  1339 | D        | Reached skill level 10 in Fighting
  1339 | D        | Reached skill level 21 in Stealth
  1339 | D        | Reached skill level 15 in Unarmed Combat
  1339 | D        | Reached XP level 11. HP: 29/54 MP: 18/18
  1403 | D        | Noticed an oklob plant
  1432 | D        | Huge Dmg: 23 dmg
  1435 | D        | Noticed Lom Lobon
  1439 | D        | Noticed a mummy priest
  1440 | D        | Huge Dmg: 12 dmg
  1441 | D        | Killed from afar by an oklob plant

Illustrated notes

Levels and vault maps discovered:
D:        dungeon_sprint_1 [red_sonja_temple_1, red_sonja_temple_small_1]

Skill      XL: |  1  2  3  4  5  6  7  8  9 10 11 |
---------------+----------------------------------+-----
Stealth        | 9 12 13 15 16 17 18 21 20 | 21.2
Unarmed Combat | 5 8 10 11 12 15 14 | 15.1
Ice Magic      | 4 6 7 8 9 10 | 10.0
Spellcasting   | 4 |  4.0
Hexes          | 9 11 12 13 17 16 | 17.5
Fighting       | 2 5 6 10 9 | 10.0
Dodging        | 4 5 8 12 11 | 12.5
Shapeshifting  | 3 5 8 10 | 10.0

Action                     |  1- 3 |  4- 6 |  7- 9 | 10-12 || total
---------------------------+-------+-------+-------+-------++-------
  Melee: Unarmed           |     5 |     8 |    53 |   119 ||   185
         Bite              |       |       |     5 |    20 ||    25
         Punch             |       |       |     4 |    14 ||    18
         Headbutt          |       |       |       |     7 ||     7
   Cast: Ensorcelled Hiber |       |       |     5 |     6 ||    11
         Tukima's Dance    |       |       |     1 |     2 ||     3
         Confusing Touch   |       |       |     1 |     3 ||     4
 Invoke: Serpent's Lash    |       |       |     2 |     2 ||     4
         Heavenly Storm    |       |       |       |     1 ||     1
Ability: Lunge             |       |     3 |    19 |     9 ||    31
         Whirlwind         |       |       |    10 |    24 ||    34
    Use: Potion            |     2 |       |     1 |     5 ||     8
         Scroll            |       |     2 |     5 |       ||     7
   Stab: Sleeping          |     2 |     3 |    25 |     9 ||    39
         Invisible         |       |     2 |       |       ||     2
         Confused          |       |       |       |     1 ||     1
 Armour: Skin              |       |       |     1 |     1 ||     2
  Dodge: Dodged            |     4 |     2 |    27 |    69 ||   102
   Form: Beast             |       |       |     1 |       ||     1

Table legend: (Time is in decaauts)
 A = Elapsed time spent in this place.
 B = Non-inter-level travel time spent in this place.
 C = Inter-level travel time spent in this place.
 D = Time resting spent in this place.
 E = Time spent auto-exploring this place.
 F = Levels seen in this place.
 G = Mean time per level.
                   A        B        C        D        E       F      G
               +--------+--------+--------+--------+--------+-----+--------+
         Total |   1320 |   1320 |      0 |    391 |    276 |   1 | 1320.0 |
       Dungeon |   1320 |   1320 |      0 |    391 |    276 |   1 | 1320.0 |
               +--------+--------+--------+--------+--------+-----+--------+

Top non-repeatable levels by time:
       D: 1320 daAuts
